AoeStats
← THAIR

Arabia

508562897Analyzed
1v1 RM · 10d ago on Sep 23, 2026· 34m 19s· 2 players
Game mode
Random Map
Map size
Tiny (2 player)
Population
200
Speed
Normal
Resources
Standard
Victory
Conquest
Starting age
Dark Age
Ending age
Imperial Age
RankedLock teamsTeams togetherTeam positionsShared explorationLock speedFull tech treeHidden civsTurbo modeCheats
Victory
Defeat
🇦🇷 Vikings · Argentina
529
+13
🇺🇸 Danes · United States
460
-13
THAIR
2:47 Loom
11:31 Feudal Age
13:00 Wheelbarrow
12:11 Town Watch
13:00 Double-Bit Axe
13:34 Horse Collar
14:26 Arson
14:02 Man-at-Arms
21:09 Forging
21:00 Scale Mail Armor
mandrilesko7251
6:31 Loom
11:30 Feudal Age
11:59 Double-Bit Axe
13:24 Man-at-Arms
15:31 Scale Mail Armor
15:59 Arson
18:37 Fletching
23:38 Castle Age
23:01 Forging
32:18 Elite Skirmisher
Connection lost

Rejoining the realm…

Still unreachable

The connection could not be restored.

Session expired

The server has moved on; the page needs a fresh start.